 Dungeon Crawl Stone Soup version 0.25-a0-1133-g93ebf73 (webtiles) character file.

Game seed: 3288898372745797574, levelgen mode: deterministic

305 thirtiethelement the Covert (level 6, 0/42 HPs)
             Began as an Octopode Assassin on May 21, 2020.
             Slain by a quasit (1 damage)
             ... on level 4 of the Dungeon.
             The game lasted 00:16:12 (2882 turns).

thirtiethelement the Covert (Octopode Assassin)     Turns: 2882, Time: 00:16:12

Health: 0/42       AC:  1    Str: 11      XL:     6   Next: 39%
Magic:  6/6        EV: 11    Int: 19      God:
Gold:   244        SH:  2    Dex:  5 (15) Spells: 5/5 levels left

rFire    . . .     SeeInvis .   a - +2 dagger
rCold    . . .     Gourm    .   p - +0 buckler
rNeg     . . .     Faith    .   (helmet restricted)
rPois    .         Spirit   .   (no amulet)
rElec    .         Reflect  .   u - +6 ring of intelligence
rCorr    .         Harm     .   (no ring)
MR       .....                  (no ring)
Stlth    ++++......             (no ring)
HPRegen  0.14/turn              (no ring)
MPRegen  0.10/turn              (no ring)
                                (no ring)
                                (no ring)

@: about to teleport
A: almost no armour, stealthy swim, amphibious, 8 rings, constrict 8, camouflage
1, gelatinous body 1
a: no special abilities


You were on level 4 of the Dungeon.
You were not hungry.

You visited 1 branch of the dungeon, and saw 4 of its levels.

You collected 244 gold pieces.

Inventory:

Hand Weapons
 a - a +2 dagger (weapon)
 t - a +3 flail of holy wrath
Missiles
 b - 7 poisoned darts (quivered)
 c - 2 curare-tipped darts
 f - 2 boomerangs
Armour
 m - a scarf of repulsion
 p - a +0 buckler (worn)
Jewellery
 u - a +6 ring of intelligence (left tentacle)
Scrolls
 e - 2 scrolls of magic mapping {unknown}
 g - 5 scrolls of identify
 j - a scroll of teleportation
 k - a scroll of fear {unknown}
 o - a scroll of immolation {unknown}
 r - a scroll of blinking {unknown}
 s - a scroll of noise {unknown}
 v - a scroll of amnesia {unknown}
 w - a scroll of fog {unknown}
 x - a scroll of remove curse {unknown}
Potions
 h - a potion of heal wounds {unknown}
 i - a potion of flight {unknown}
 l - a potion of magic {unknown}
 n - a potion of lignification {unknown}
 q - a potion of curing {unknown}
Comestibles
 d - 6 rations


   Skills:
 * Level 3.0 Fighting
 * Level 3.7 Short Blades
 + Level 2.5 Throwing
 + Level 1.3 Dodging
 * Level 8.2 Stealth
 + Level 0.2 Shields


You had 5 spell levels left.
You didn't know any spells.
Your spell library was empty.

Dungeon Overview and Level Annotations

Branches:
Dungeon (4/15)
 Temple: D:4-7

Altars:
Okawaru

Annotations:
D:4 FishTaco's ghost, novice DEFE


Innate Abilities, Weirdness & Mutations

You cannot wear most types of armour.
You are very stealthy in the water. (Stealth+)
You are amphibious.
You can wear up to eight rings at the same time.
You can use your tentacles to constrict eight enemies at once.
Your skin changes colour to match your surroundings (Stealth+).
Your rubbery body absorbs attacks. (AC +1, EV +1)


Message History

You feel clumsy. The quasit bites you.
* * * LOW HITPOINT WARNING * * *
The quasit barely misses you. x2; The quasit bites you.
* * * LOW HITPOINT WARNING * * *
You feel clumsy. The quasit closely misses you. The quasit claws you.
* * * LOW HITPOINT WARNING * * *
You feel clumsy.
You miss the quasit. Your grab misses the quasit.
Your squeeze misses the quasit.
The quasit is moderately wounded.
The quasit closely misses you. The quasit claws you.
* * * LOW HITPOINT WARNING * * *
The quasit claws you.
* * * LOW HITPOINT WARNING * * *
You feel clumsy.
You block the quasit's attack. x2; The quasit barely misses you. x2
The quasit claws you.
You die...

#.##..#..(!.....#
#.#.5..###=..##.##
#.##.#.[...#.....#
#..#©.W#..©..##.
##.#..##..#....(.#
####.#....#[..#...##
#....##......#. ..#
#.....##.###..## ##
####......###@####
..
#....<......555....#
.
#.............######
####....#######
##.### #.# ..# ###


You could see 3 quasits.

Vanquished Creatures
  The ghost of LobsterGuardian the Caller, an amateur MfSu (D:3)
  A bullfrog skeleton (D:3)
  Terence (D:3)
  A howler monkey zombie (D:3)
  5 adders
  An ooze (D:3)
  An adder skeleton (D:3)
  5 worms
  2 dart slugs
  5 leopard geckos
  2 orcs (D:3)
  3 giant cockroaches
  11 goblins
  6 hobgoblins
  7 jackals
  2 quokkas (D:3)
  15 bats
  8 frilled lizards
  3 kobolds
  A leopard gecko skeleton (D:3)
  12 rats
93 creatures vanquished.

Notes
Turn   | Place    | Note
-------+----------+-------------------------------------------
     0 | D:1      | thirtiethelement the Octopode Assassin began the quest for
                  | the Orb.
     0 | D:1      | Reached XP level 1. HP: 14/14 MP: 1/1
   195 | D:1      | Reached XP level 2. HP: 20/20 MP: 2/2
   426 | D:1      | Reached skill level 6 in Stealth
   436 | D:1      | Reached XP level 3. HP: 25/25 MP: 3/3
   876 | D:2      | Reached XP level 4. HP: 30/30 MP: 4/4
   881 | D:2      | Reached skill level 7 in Stealth
  1142 | D:2      | Found a faded altar of an unknown god.
  1473 | D:3      | Found an iron altar of Okawaru.
  1594 | D:3      | Noticed Terence
  1598 | D:3      | Killed Terence
  1598 | D:3      | Reached XP level 5. HP: 35/35 MP: 5/5
  2000 | D:3      | HP: 1/35 [worm (6)]
  2519 | D:3      | Found a transporter.
  2521 | D:3      | Noticed LobsterGuardian's ghost (amateur MfSu)
  2522 | D:3      | Found a transporter.
  2602 | D:3      | Reached skill level 8 in Stealth
  2610 | D:3      | Reached XP level 6. HP: 27/41 MP: 6/6
  2700 | D:3      | Killed LobsterGuardian's ghost
  2854 | D:4      | Found a transporter.
  2861 | D:4      | Found a transporter.
  2865 | D:4      | Noticed FishTaco's ghost (novice DEFE)
  2882 | D:4      | HP: 2/42 [quasit (1)]
  2882 | D:4      | Slain by a quasit

Illustrated notes

Levels and vault maps discovered:
D:1:      scummos_arrival_star, layout_loops_ring, minmay_quantized
D:2:      layout_basic, chequers_ecumenical_altar_simple,
          kennysheep_generic_room_12
D:3:      layout_loops_ring, gammafunk_ghost_mausoleum, serial_bayou,
          serial_bayou_shore_a, serial_bayou_shore_b, serial_bayou_crossing,
          serial_bayou_pond_b, amethyst_killhole, kennysheep_okawaru_gauntlet,
          uniq_terence
D:4:      layout_basic, gammafunk_ghost_stat_death, serial_shops,
          nicolae_shop_stone, bloody_makhleb, uniq_robin

Skill      XL: |  1  2  3  4  5  6 |
---------------+-------------------+-----
Stealth        | 6 7 8 |  8.2
Short Blades   | 3 |  3.7
Fighting       | 3 |  3.0
Throwing       | |  2.5
Dodging        | |  1.3
Shields        | |  0.2

Action                   |  1- 3 |  4- 6 || total
-------------------------+-------+-------++-------
Melee: Dagger            |    56 |   124 ||   180
       Constrict         |    12 |    32 ||    44
       Tentacles         |     8 |    27 ||    35
Throw: Boomerang         |    11 |    20 ||    31
       Dart              |       |     7 ||     7
  Use: Scroll            |       |     2 ||     2
 Stab: Sleeping          |    20 |    11 ||    31
       Distracted        |       |     1 ||     1
  Eat: Ration            |       |     2 ||     2
Armor: Skin              |     7 |    15 ||    22
Dodge: Dodged            |    25 |    82 ||   107
Block: Buckler           |       |    21 ||    21

Table legend:
 A = Non-vault XP
 B = Vault XP
 C = Vault XP percentage of total XP
 D = Non-vault monster count
 E = Vault monster count
 F = Vault count percentage of total count
                 A         B        C        D         E       F
            +---------+---------+-------+---------+---------+-------
      Total |     191 |     246 |  56.3 |      74 |      19 |  20.4
            +---------+---------+-------+---------+---------+-------
        D:1 |      40 |       7 |  14.9 |      25 |       4 |  13.8
        D:2 |      70 |       1 |   1.4 |      29 |       1 |   3.3
        D:3 |      81 |     238 |  74.6 |      20 |      14 |  41.2
            +---------+---------+-------+---------+---------+-------
